 Dungeon Crawl Stone Soup version 0.27.1-34-g3ba077fa99 (webtiles) character file.

Game seed: 13540471180977161742

91611 belegose the Grappler (level 15, -8/154 HPs)
             Began as a Troll Transmuter on Jan 10, 2022.
             Was an Elder of Ashenzari.
             Mangled by a slime creature (16 damage)
             ... on level 14 of the Dungeon.
             The game lasted 01:41:16 (26952 turns).

belegose the Grappler (Troll Transmuter)           Turns: 26952, Time: 01:41:16

Health: -8/154     AC: 12    Str: 22    XL:     15   Next: 55%
Magic:  22/22      EV: 12    Int: 14    God:    Ashenzari [****..]
Gold:   1606       SH: 12    Dex: 10    Spells: 13/24 levels left

rFire    + . .     SeeInvis +     - Unarmed
rCold    + . .     Faith    .   X - +1 kite shield {reflect}
rNeg     . . .     Spirit   .   C - +0 acid dragon scales of the Cursed Incredulity {rCorr, Melee, Fort} (curse)
rPois    +         Reflect  +   b - +2 hat of Star-Bound Wisdom {Melee, Cun} (curse)
rElec    .         Harm     .   n - scarf "Shattered Together" {rC+ rF+, Elem, Fort} (curse)
rCorr    +         Rampage  .   (gloves unavailable)
Will     ++...     Clarity  +   (boots unavailable)
Stlth    +.........             B - amulet "Chagrin of Ashenzari" {Regen+, Fort, Bglg} (curse)
HPRegen  2.35/turn              d - ring of the Eternal Regret {rPois, Self, Comp} (curse)
MPRegen  0.18/turn              G - ring of Xif Kiogh {Will+ SInv}

@: no status effects
A: large, unfitting armour, claws 3, regeneration 1, shaggy fur 1, tough skin 1
a: Renounce Religion, Curse Item, Shatter the Chains


You were on level 14 of the Dungeon.
You worshipped Ashenzari.
Ashenzari was greatly pleased with you.
You visited 4 branches of the dungeon, and saw 24 of its levels.

You collected 2371 gold pieces.
You spent 765 gold pieces at shops.

Inventory:

Hand Weapons
 J - a +2 double sword of holy wrath
 N - a +2 scimitar of flaming
Missiles
 h - 57 poisoned darts
 m - 58 boomerangs (quivered)
 p - 2 throwing nets
 H - 3 curare-tipped darts
 I - 2 silver boomerangs
 K - 7 javelins
 T - 12 large rocks
Armour
 b - the cursed +2 hat of Star-Bound Wisdom (worn) {Melee, Cun}
   (You found it on level 4 of the Dungeon)

   It has a curse which improves the following skills: Melee Combat: Short
   Blades, Long Blades, Axes, Maces & Flails, Polearms, Staves and Unarmed
   Combat.
   Cunning:   Dodging and Stealth.
 n - the cursed scarf "Shattered Together" (worn) {rC+ rF+, Elem, Fort}
   (You found it on level 3 of the Dungeon)

   It has a curse which improves the following skills: Elements: Fire Magic, Ice
   Magic, Air Magic and Earth Magic.
   Fortitude: Armour and Shields.
 C - the cursed +0 acid dragon scales of the Cursed Incredulity (worn) {rCorr, Melee, Fort}
   (You found it on level 9 of the Dungeon)

   rCorr:     It protects you from acid and corrosion.
   It has a curse which improves the following skills: Melee Combat: Short
   Blades, Long Blades, Axes, Maces & Flails, Polearms, Staves and Unarmed
   Combat.
   Fortitude: Armour and Shields.
 X - a +1 kite shield of reflection (worn)
Jewellery
 d - the cursed ring of the Eternal Regret (left claw) {rPois, Self, Comp}
   (You found it on level 4 of the Dungeon)

   [ring of poison resistance]

   rPois:     It protects you from poison.
   It has a curse which improves the following skills: Introspection: Fighting
   and Spellcasting.
   Companions: Summonings and Necromancy.
 A - a ring of positive energy
 B - the cursed amulet "Chagrin of Ashenzari" (around neck) {Regen+, Fort, Bglg}
   (You found it on level 8 of the Dungeon)

   [amulet of regeneration]

   Regen:     It increases your rate of health regeneration.
   It has a curse which improves the following skills: Fortitude: Armour and
   Shields.
   Beguiling: Conjurations, Hexes and Translocations.
 E - a ring of fire
 G - the ring of Xif Kiogh (right claw) {Will+ SInv}
   (You acquired it on level 2 of the Lair of Beasts)

   [ring of willpower]

   SInv:      It lets you see invisible.
   Will:      It increases your willpower.
 Q - the ring "Dosabb" {Ice Dex+2 Stlth+}
   (You found it on level 4 of the Lair of Beasts)

   [ring of ice]

   It enhances your ice magic.
   Dex:       It affects your dexterity (+2).
   rF:        It makes you vulnerable to fire.
   rC:        It protects you from cold.
   Stlth:     It makes you more stealthy.
 S - a ring of resist corrosion
Wands
 j - a wand of polymorph (8)
 q - a wand of iceblast (17)
 r - a wand of acid (15)
 s - a wand of flame (50)
 y - a wand of paralysis (3)
 L - a wand of digging (6)
Scrolls
 a - a scroll of magic mapping
 c - 6 scrolls of teleportation
 f - 3 scrolls of immolation
 i - 3 scrolls of fog
 o - 2 scrolls of holy word
 t - 5 scrolls of enchant weapon
 u - 5 scrolls of enchant armour
 v - a scroll of blinking
 w - a scroll of silence
 x - 2 scrolls of fear
 F - a scroll of summoning
 R - 2 scrolls of brand weapon
 U - a scroll of amnesia
 W - a scroll of acquirement
Potions
 e - a potion of might
 k - 3 potions of haste
 l - 10 potions of curing
 z - 4 potions of magic
 D - 3 potions of lignification
 M - a potion of flight
 P - a potion of berserk rage
 V - a potion of resistance


   Skills:
 - Level 9.2(11.3) Fighting
 - Level 6.4(10.0) Long Blades
 + Level 9.0 Throwing
 - Level 6.1(10.6) Armour
 - Level 7.5(9.9) Dodging
 - Level 4.6(9.0) Shields
 - Level 12.1(15.2) Unarmed Combat
 - Level 3.3(5.3) Spellcasting
 - Level 3.9(6.0) Hexes
 - Level 3.9(6.0) Summonings
 - Level 4.3 Transmutations
 - Level 3.0(5.0) Earth Magic
 - Level 2.5 Poison Magic
 + Level 7.9 Evocations


You had 13 spell levels left.
You knew the following spells:

 Your Spells              Type           Power      Damage    Failure   Level
a - Beastly Appendage     Tmut           32%        N/A       3%          1
b - Wereblood             Tmut           16%        N/A       4%          2
c - Confusing Touch       Hex            20%        N/A       4%          3
d - Passwall              Tmut/Erth      13%        N/A       4%          2
e - Summon Guardian Gole  Hex/Summ       20%        N/A       4%          3

Your spell library contained the following spells:

 Spells                   Type           Power      Damage    Failure   Level
 Slow                     Hex            20%        N/A       2%          2
 Spider Form              Tmut/Pois      6%         N/A       14%         3
 Dazzling Flash           Conj/Hex       24%        N/A       16%         3
 Ignite Poison            Fire/Tmut/Pois 10%        N/A       22%         3
 Conjure Flame            Conj/Fire      4%         6-21      47%         3
 Frozen Ramparts          Ice            8%         1d2       47%         3
 Swiftness                Air            4%         N/A       47%         3
 Summon Ice Beast         Ice/Summ       12%        N/A       47%         4
 Yara's Violent Unravell  Hex/Tmut       9%         3d6       54%         5
 Ice Form                 Ice/Tmut       10%        N/A       58%         4
 Animate Dead             Necr           2%         N/A       87%         4
 Iskenderun's Mystic Bla  Conj/Tloc      4%         2d3       87%         4
 Sticky Flame             Conj/Fire      4%         2d3       87%         4
 Invisibility             Hex            10%        N/A       95%         6
 Eringya's Noxious Bog    Tmut/Pois      6%         N/A       100%        6
 Starburst                Conj/Fire      2%         6d3       100%        6
 Haunt                    Necr/Summ      6%         N/A       100%        7
 Orb of Destruction       Conj           2%         9d1       100%        7
 Spellforged Servitor     Conj/Summ      6%         N/A       100%        7
 Infestation              Necr           2%         N/A       100%        8


Dungeon Overview and Level Annotations

Branches:
Dungeon (15/15)            Temple (1/1) D:4            Lair (6/6) D:9
  Swamp (0/4) Lair:2        Snake (0/4) Lair:4        Slime (0/5) Lair:5
    Orc (2/2) D:11            Elf (0/3) Orc:2        Vaults (0/5) D:13
 Depths: D:15

Altars:
Ashenzari
Cheibriados
Dithmenos
Elyvilon
Fedhas
Gozag
Hepliaklqana
Kikubaaqudgha
Makhleb
Nemelex Xobeh
Okawaru
Qazlal
Ru
Sif Muna
Trog
Uskayaw
Vehumet
Wu Jian
Xom
Yredelemnul
Zin
The Shining One

Shops:
D:5 :   Orc:1 *   Orc:2 **[:

Portals:
Pandemonium: Orc:2
Trove: D:10 (give 16 scrolls of teleportation)

Annotations:
D:10 1 runed translucent door, exclusion: door, dornbeast's ghost, novice DrAK
Lair:1 3 runed translucent doors, exclusion: 3 doors, Kazon's ghost, journeyman GrBe; Nergalle
Lair:3 2 transporters, Nefuv's ghost, journeyman MiBe


Innate Abilities, Weirdness & Mutations

You are too large for most types of armour.
You have claws for hands.
Your natural rate of healing is unusually fast.
You are covered in fur. (AC +1)
You have tough skin. (AC +1)


Message History

The slime creature is moderately wounded.
You block the slime creature's attack. The slime creature hits you!
The slime creature hits you but does no damage.
You block the slime creature's attack.
You scratch the slime creature but do no damage.
The slime creature is moderately wounded.
The slime creature hits you! You block the slime creature's attack.
The slime creature hits you! x2
The slime creature hits you but does no damage.
You scratch the slime creature but do no damage.
The slime creature is moderately wounded.
The slime creature hits you!
* * * LOW HITPOINT WARNING * * *
The slime creature closely misses you. The slime creature hits you!
* * * LOW HITPOINT WARNING * * *
You mangle the slime creature!!
The slime creature is severely wounded.
The slime creature hits you.
* * * LOW HITPOINT WARNING * * *
The slime creature hits you.
* * * LOW HITPOINT WARNING * * *
You mangle the slime creature!!
You kill the slime creature!
You block the slime creature's attack. x2
The slime creature closely misses you. You block the slime creature's attack.
The slime creature hits you but does no damage.
The slime creature barely misses you.
Two slime creatures merge to form a large slime creature.
Unknown command.
A centaur warrior comes into view.
It is wielding a +1 long sword of freezing.
You block the slime creature's attack.
The centaur warrior shouts!
The centaur warrior unwields a +1 long sword of freezing.
The centaur warrior wields a +0 shortbow.
The centaur warrior shoots an arrow.
The arrow hits you!
* * * LOW HITPOINT WARNING * * *
The centaur warrior shoots an arrow.
The arrow hits you!
* * * LOW HITPOINT WARNING * * *
The slime creature hits you!
You die...

###############
#########################
* *
.......................c.
, ,
...#......##....J......#.
,
...............JJ........,
,
################@##.....#*
** * ....
,...........#.....# , ,
*,,* *,######...# ,...# *
* ** ,∆ * , ....# ,... , ,
*, * ** .###.., ,*#. , , *
* , * {.., #.. , , ,,, ,*
, ,, , *#.,,***#., , , * ,
,' ,* * * ##, , ##, * , ,,
,, , , * ,, ,* , , ,


You could see a large slime creature, 2 slime creatures and a centaur warrior.

Vanquished Creatures
  An ironbound preserver (D:13)
  Snorg (Lair:3)
  An ettin (D:11)
  Erolcha (Orc:1)
  Fannar (D:11)
  5 hydras
  4 boulder beetles
  4 catoblepae
  3 two-headed ogres
  Erica (Orc:1)
  A centaur warrior (D:14)
  A death yak (Lair:5)
  5 tengu warriors (D:13)
  9 orc high priests (Orc:2)
  5 skeletal warriors
  2 infernal demonspawn (Orc:2)
  2 torturous demonspawn (Orc:2)
  4 orc knights
  A deep elf pyromancer (D:11)
  A wolf spider (D:15)
  2 manticores (D:14)
  5 orc sorcerers
  3 ugly things
  3 cyclopes
  19 elephants
  5 black mambas
  A molten gargoyle (Lair:3)
  A gargoyle (D:11)
  Psyche (D:10)
  7 cane toads
  5 komodo dragons
  A kobold demonologist (D:15)
  2 rime drakes
  2 unseen horrors
  An efreet (D:15)
  A freezing wraith (D:12)
  A queen bee (Lair:3)
  A komodo dragon (shapeshifter) (D:9)
  5 ice devils
  3 meliai (D:15)
  A meliai (shapeshifter) (D:13)
  12 polar bears
  10 trolls
  7 hornets
  17 slime creatures
  27 blink frogs
  A dream sheep (Lair:6)
  A centaur simulacrum (D:14)
  5 vampires
  30 yaks
  2 wyverns
  13 spriggans
  8 basilisks
  Grum (D:10)
  3 fire bats (Lair:3)
  3 vampire mosquitoes (D:12)
  2 wargs (Orc:1)
  A floating eye (shapeshifter) (D:14)
  A floating eye (D:11)
  3 acid dragons
  19 water moccasins
  A hornet zombie (D:6)
  An ice beast (D:7)
  34 orc warriors
  7 black bears
  A black bear (shapeshifter) (D:14)
  A necrophage (D:7)
  3 boggarts (Lair:6)
  7 centaurs
  23 wolves
  2 phantoms (D:6)
  6 ogres
  A kobold brigand (D:6)
  12 bullfrogs
  3 scorpions
  A wyvern zombie (D:9)
  5 killer bees (D:8)
  6 electric eels
  3 wights (D:9)
  9 howler monkeys
  A bullfrog zombie (D:6)
  A hound (D:4)
  27 orc priests
  4 centaur zombies
  2 gnoll shamans
  A jelly (D:3)
  A scorpion zombie (D:5)
  2 iguanas
  19 orc wizards
  A hell rat (D:7)
  13 gnolls
  5 adders
  10 river rats (D:7)
  3 shadow imps
  A white imp (D:5)
  2 ufetubi
  A worm (D:2)
  10 dart slugs
  75 orcs
  7 bats
  4 endoplasms
  4 giant cockroaches
  7 goblins
  8 hobgoblins
  3 jackals (D:2)
  12 kobolds
  11 quokkas
  9 ball pythons
  6 frilled lizards (D:1)
  23 rats
  A butterfly (Lair:2)
689 creatures vanquished.

Vanquished Creatures (others)
  An orc wizard (D:9)
  An adder (D:3)
  17 fungi
  55 plants
74 creatures vanquished.

Grand Total: 763 creatures vanquished

Notes
Turn   | Place    | Note
-------+----------+-------------------------------------------
     0 | D:1      | belegose the Troll Transmuter began the quest for the Orb.
     0 | D:1      | Reached XP level 1. HP: 18/18 MP: 1/1
    58 | D:1      | Reached skill level 1 in Fighting
   170 | D:1      | Reached XP level 2. HP: 27/27 MP: 2/2
   367 | D:1      | Reached XP level 3. HP: 19/35 MP: 3/3
  1076 | D:2      | Got the Papyrus of Envenoming and Darkness
  1127 | D:2      | Reached skill level 4 in Unarmed Combat
  1276 | D:2      | Found a faded altar of an unknown god.
  1474 | D:2      | Reached XP level 4. HP: 38/42 MP: 4/4
  2192 | D:3      | Reached skill level 1 in Throwing
  2259 | D:3      | Reached XP level 5. HP: 48/50 MP: 5/5
  2570 | D:4      | Found a staircase to the Ecumenical Temple.
  2596 | Temple   | Entered the Ecumenical Temple
  2865 | Temple   | Became a worshipper of Ashenzari the Shackled
  2970 | D:4      | Found an iron altar of Okawaru.
  3021 | D:4      | Found a snail-covered altar of Cheibriados.
  3105 | D:4      | Reached XP level 6. HP: 60/61 MP: 6/6
  3219 | D:4      | Found a bloodstained altar of Trog.
  3403 | D:4      | Found an ornate altar of the Wu Jian Council.
  3604 | D:4      | Reached skill level 5 in Unarmed Combat
  3647 | D:5      | Entered Level 5 of the Dungeon
  3776 | D:5      | Found a hide-covered altar of Uskayaw.
  3923 | D:5      | Found Tumetigo's Self-Improvement Boutique.
  4781 | D:6      | Reached XP level 7. HP: 28/68 MP: 7/7
  5097 | D:6      | Reached skill level 6 in Unarmed Combat
  5305 | D:6      | Reached XP level 8. HP: 55/79 MP: 8/8
  5610 | D:7      | Reached skill level 5 in Fighting
  5718 | D:7      | Reached * piety under Ashenzari
  5892 | D:7      | Reached skill level 5 in Throwing
  6013 | D:7      | Found a burning altar of Makhleb.
  6086 | D:7      | Reached skill level 7 in Unarmed Combat
  6366 | D:8      | Reached XP level 9. HP: 53/88 MP: 9/9
  7697 | D:9      | Reached skill level 1 in Evocations
  7712 | D:9      | Noticed a troll
  7719 | D:9      | Killed a troll
  7788 | D:9      | Reached skill level 8 in Unarmed Combat
  7891 | D:9      | Found a staircase to the Lair.
  8010 | D:9      | Noticed a komodo dragon
  8017 | D:9      | Killed a komodo dragon
  8165 | D:9      | Reached ** piety under Ashenzari
  8271 | D:9      | Noticed a two-headed ogre
  8282 | D:9      | Killed a two-headed ogre
  8283 | D:9      | Reached XP level 10. HP: 73/100 MP: 10/10
  8526 | D:9      | Found a stormy altar of Qazlal.
  8535 | D:9      | Found a glowing silver altar of Zin.
  8565 | D:9      | Noticed a two-headed ogre
  9073 | D:9      | Killed a two-headed ogre
  9197 | D:9      | Identified the +1 robe of Dishonour {Will+}
  9307 | D:10     | Entered Level 10 of the Dungeon
  9501 | D:10     | Reached *** piety under Ashenzari
  9512 | D:10     | Noticed Psyche
  9524 | D:10     | Killed Psyche
  9705 | D:10     | Reached skill level 5 in Evocations
  9711 | D:10     | Reached skill level 5 in Armour
  9755 | D:10     | Found a portal to a secret trove of treasure.
  9790 | D:10     | Noticed Grum
  9819 | D:10     | Killed Grum
  9924 | D:10     | Reached XP level 11. HP: 97/106 MP: 11/11
  9936 | D:10     | Found a runed translucent door.
 10159 | D:10     | Noticed dornbeast's ghost (novice DrAK)
 10547 | D:11     | Found a staircase to the Orcish Mines.
 10601 | D:11     | Reached **** piety under Ashenzari
 10705 | D:11     | Identified the +0 leather armour of Fortification {rC+}
 10878 | Orc:1    | Entered Level 1 of the Orcish Mines
 10878 | Orc:1    | Noticed a two-headed ogre
 10878 | Orc:1    | Noticed an ettin
 10958 | D:11     | Killed a two-headed ogre
 11130 | D:11     | Killed an ettin
 11356 | Orc:1    | Noticed an orc sorcerer
 11356 | Orc:1    | Noticed Urug
 11367 | D:11     | Killed an orc sorcerer
 11470 | Orc:1    | Paralysed by Urug for 6 turns
 11549 | Orc:1    | Noticed Urug
 11549 | Orc:1    | Urug changed into Urug the floating eye
 11656 | D:11     | Killed Urug the floating eye
 11771 | D:11     | Learned a level 3 spell: Spider Form
 11841 | Orc:1    | Noticed Fannar
 11873 | D:11     | Killed Fannar
 11874 | D:11     | Reached skill level 1 in Poison Magic
 11990 | Orc:1    | Noticed Erica
 12015 | Orc:1    | Killed Erica
 12333 | Orc:1    | Noticed Erolcha
 12339 | Orc:1    | Killed Erolcha
 12340 | Orc:1    | Reached XP level 12. HP: 122/122 MP: 18/18
 12375 | Orc:1    | Found Kaosux's General Store.
 12471 | Orc:2    | Entered Level 2 of the Orcish Mines
 12704 | Orc:2    | Found a staircase to the Elven Halls.
 12725 | Orc:2    | Reached skill level 1 in Long Blades
 13053 | Orc:2    | Identified the cursed scarf "Shattered Together" {rC+ rF+,
                  | Elem, Fort} (You found it on level 3 of the Dungeon)
 13053 | Orc:2    | Identified the cursed +2 hat of Star-Bound Wisdom {Melee,
                  | Cun} (You found it on level 4 of the Dungeon)
 13053 | Orc:2    | Identified the cursed +0 acid dragon scales of the Cursed
                  | Incredulity {rCorr, Melee, Fort} (You found it on level 9
                  | of the Dungeon)
 13060 | Orc:2    | Learned a level 3 spell: Confusing Touch
 13064 | Orc:2    | Learned a level 2 spell: Wereblood
 13710 | Orc:2    | Found Dafis's General Store.
 13714 | Orc:2    | Found Itetuc's General Store.
 13901 | Orc:2    | Noticed an orc high priest
 13906 | Orc:2    | Noticed an orc high priest
 13907 | Orc:2    | Noticed an orc high priest
 13996 | Orc:2    | Noticed an orc high priest
 14177 | Orc:2    | Killed an orc high priest
 14466 | Orc:2    | Noticed an orc high priest
 14479 | Orc:2    | Noticed an orc high priest
 14479 | Orc:2    | Noticed an orc high priest
 14610 | Orc:2    | Killed an orc high priest
 14687 | Orc:2    | Noticed an orc high priest
 14705 | Orc:2    | Noticed an orc high priest
 14741 | Orc:2    | Reached skill level 9 in Unarmed Combat
 14798 | Orc:2    | Killed an orc high priest
 15014 | Orc:2    | Killed an orc high priest
 15125 | Orc:2    | Killed an orc high priest
 15203 | Orc:2    | Killed an orc high priest
 15260 | Orc:2    | Killed an orc high priest
 15298 | Orc:2    | Killed an orc high priest
 15299 | Orc:2    | Reached skill level 5 in Long Blades
 15299 | Orc:2    | Reached XP level 13. HP: 135/135 MP: 19/19
 15302 | Orc:2    | Learned a level 2 spell: Passwall
 15358 | Orc:2    | Reached skill level 1 in Earth Magic
 15370 | Orc:2    | Found a one-way gate leading to the halls of Pandemonium.
 15416 | Orc:2    | Found Peli's Book Shop.
 15467 | Orc:2    | Found Muomomp's Antique Armour Boutique.
 15479 | Orc:2    | Bought fading steam dragon scales for 765 gold pieces
 15479 | Orc:2    | Identified the +2 steam dragon scales of New Discoveries
                  | {+Inv} (You bought it in a shop on level 2 of the Orcish
                  | Mines)
 15649 | Lair:1   | Entered Level 1 of the Lair of Beasts
 15681 | Lair:1   | Found a runed translucent gate.
 15681 | Lair:1   | Found a runed translucent gate.
 15681 | Lair:1   | Found a runed translucent gate.
 15684 | Lair:1   | Noticed Kazon's ghost (journeyman GrBe)
 15684 | Lair:1   | Identified the ring "Jeoluxka" {rF+ rC+ SInv Stlth+}
 15741 | Lair:2   | Found a radiant altar of Vehumet.
 15816 | Lair:1   | Noticed Nergalle
 16044 | Lair:2   | Identified a scroll of acquirement
 16058 | Lair:2   | Acquired the ring of Xif Kiogh {Will+ SInv}
 16148 | Lair:2   | Found a staircase to the Swamp.
 16403 | Lair:1   | Learned a level 3 spell: Summon Guardian Golem
 16897 | Lair:2   | Reached skill level 1 in Summonings
 17163 | Lair:3   | Reached skill level 1 in Hexes
 17522 | Lair:3   | Noticed Snorg
 17532 | Lair:3   | Killed Snorg
 17548 | Lair:3   | Noticed Sonja
 17549 | Lair:3   | Noticed Sonja
 17549 | Lair:3   | Sonja changed into Sonja the queen bee
 17559 | Lair:3   | Killed Sonja the queen bee
 17564 | Lair:3   | Noticed Nefuv's ghost (journeyman MiBe)
 17567 | Lair:3   | Found a transporter.
 17571 | Lair:3   | Found a transporter.
 18200 | Lair:2   | Found a radiant altar of Vehumet.
 18225 | Lair:2   | Found a staircase to the Swamp.
 18901 | Lair:3   | Found a transporter.
 18901 | Lair:3   | Found a transporter.
 19562 | Lair:4   | Reached XP level 14. HP: 123/144 MP: 20/20
 19574 | Lair:4   | Identified the ring "Dosabb" {Ice Dex+2 Stlth+}
 19787 | Lair:4   | Found a staircase to the Snake Pit.
 20131 | Lair:4   | Reached skill level 10 in Unarmed Combat
 20506 | Lair:5   | Found a shadowy altar of Dithmenos.
 20543 | Lair:5   | Found a staircase to the Slime Pits.
 20673 | Lair:4   | Reached skill level 5 in Dodging
 22057 | Lair:6   | Entered Level 6 of the Lair of Beasts
 22252 | Lair:6   | Reached skill level 11 in Unarmed Combat
 23813 | Lair:6   | Reached skill level 1 in Shields
 24595 | D:12     | Reached XP level 15. HP: 94/153 MP: 21/21
 25498 | D:13     | Reached skill level 12 in Unarmed Combat
 25791 | D:13     | Found a glowing golden altar of the Shining One.
 26118 | D:13     | Found a gate to the Vaults.
 26533 | D:14     | Paralysed by a floating eye for 3 turns
 26561 | D:15     | Entered Level 15 of the Dungeon
 26561 | D:15     | Found a white marble altar of Elyvilon.
 26770 | D:14     | Identified the +6 flail "Hydraslayer" {spect, SInv}
 26952 | D:14     | Mangled by a slime creature

Illustrated notes

Levels and vault maps discovered:
D:1:      tarquinn_simple_flora_water_d, layout_rooms, minmay_quantized
D:2:      minmay_razor_zed, layout_basic, shapermc_ecumenical_altar_totnotflames
D:3:      minmay_octagon_keep, layout_basic, lemuel_flame_loot_1
D:4:      layout_cave_pods, okawaru_trees_1, marbit_many_paths,
          mainiacjoe_overflow_concentric_impassable, nzn_wu_jian_council_hall,
          minmay_temple_entry_arrows
D:5:      layout_loops_corners, lemuel_tele_altar, nicolae_shop_self_help
D:6:      kennysheep_slugbush, layout_rooms
D:7:      lemuel_ratsnest, layout_cave_pools,
          mainiacjoe_overflow_six_doors_small, minivault_4, grunt_ministairs_15
D:8:      layout_layer_cave, minmay_misc_feat_square
D:9:      minmay_clustersquares, layout_loops_corners,
          mainiacjoe_overflow_swirl, dpeg_oklobed_lair
D:10:     layout_long_grid, nicolae_trove_entry_free_sample,
          ebering_ghost_reflecting_pool, hangedman_decor_riveting, uniq_psyche,
          uniq_grum
D:11:     layout_roguey, david_orc_4, serial_bayou_pond_a
D:12:     layout_long_grid
D:13:     layout_rooms, skrybe_vaults_entry_preservation, tso_oasis_becter
D:14:     minmay_the_grid_octo_tiled_squarecenter_mashed
          [minmay_the_grid_octo_clover, minmay_the_grid_octo_horde,
          minmay_the_grid_octo_clover_2, minmay_the_grid_octo_pinwheel,
          minmay_the_grid_square_5x5_megaprize_checkered,
          minmay_the_grid_square_5x5_half_checkered,
          minmay_the_grid_square_5x5_spiral,
          minmay_the_grid_square_5x5_three_small,
          minmay_the_grid_square_5x5_dogpile], layout_stronghold
D:15:     grunt_enter_depths_hoard, layout_basic, nicolae_elyvilon_temple_path
Temple:   minmay_temple_curvy_branch
Lair:1:   layout_long_grid, gammafunk_ghost_split, serial_bayou_shore_b,
          uniq_nergalle
Lair:2:   layout_loops_ring, swamp_mist_pool, basic_altar,
          grunt_forest_stairs_clearing, lemuel_fruit_fields
Lair:3:   layout_gridlike, gammafunk_ghost_hive, nicolae_quartered_pool_super,
          uniq_sonja, uniq_snorg
Lair:4:   layout_layer_cave, minmay_snake_entry_six_corridors, serial_rivers,
          chequers_serial_rivers_small_a, chequers_serial_rivers_micro_b,
          chequers_serial_rivers_large_a, chequers_serial_rivers_micro_b,
          chequers_serial_rivers_micro_c, minmay_holes,
          cheibrodos_lair_lostbears
Lair:5:   layout_cave_pods, slime_dummy, basic_altar, nzn_sisyphean_effort
Lair:6:   minmay_lair_end_enchanted_forest, layout_hall_layers, minivault_24,
          nicolae_lair_yak_garden
Orc:1:    layout_caves, serial_shops, shop, uniq_erica, uniq_fannar,
          uniq_erolcha, uniq_urug
Orc:2:    pf_orc_diabolical, layout_diamond_mine, statue_in_the_mist_lemuel,
          nicolae_orc_stony_grotto

Skill      XL: |  1  2  3  4  5  6  7  8  9 10 11 12 13 14 15 |
---------------+----------------------------------------------+-----
Fighting       | 1 2 3 4 5 6 8 9 |  9.2
Unarmed Combat | 4 5 6 7 8 9 11 12 | 12.1
Throwing       | 1 2 3 4 5 6 7 8 9 |  9.0
Dodging        | 3 4 7 |  7.5
Evocations     | 3 5 7 |  7.9
Armour         | 2 5 6 |  6.1
Transmutations | 4 |  4.3
Spellcasting   | 2 3 |  3.3
Poison Magic   | 2 |  2.5
Long Blades    | 5 6 |  6.4
Earth Magic    | 3 |  3.0
Summonings     | 3 |  3.9
Hexes          | 3 |  3.9
Shields        | 2 4 |  4.6

Action                   |  1- 3 |  4- 6 |  7- 9 | 10-12 | 13-15 || total
-------------------------+-------+-------+-------+-------+-------++-------
Melee: Unarmed           |   133 |   183 |   356 |   763 |  1323 ||  2758
       Punch             |     1 |     3 |     9 |    35 |    57 ||   105
       Scimitar          |       |       |       |       |    41 ||    41
       Kick              |       |       |       |       |     6 ||     6
       Headbutt          |       |       |       |       |     4 ||     4
Throw: Dart              |       |     5 |       |    15 |     4 ||    24
       Boomerang         |       |       |       |    10 |    45 ||    55
       Javelin           |       |       |       |     5 |       ||     5
       Large rock        |       |       |       |       |     1 ||     1
 Cast: Spider Form       |       |       |       |     1 |       ||     1
       Confusing Touch   |       |       |       |       |    13 ||    13
       Beastly Appendage |       |       |       |       |     1 ||     1
       Wereblood         |       |       |       |       |     1 ||     1
       Summon Guardian G |       |       |       |       |     1 ||     1
Invok: Curse Item        |       |     1 |     2 |     2 |       ||     5
Evoke: Wand              |       |       |     4 |     7 |    20 ||    31
  Use: Scroll            |       |       |       |     2 |     1 ||     3
       Potion            |       |       |       |       |     2 ||     2
 Stab: Sleeping          |       |     1 |       |       |       ||     1
       Confused          |       |       |       |       |     5 ||     5
       Petrified         |       |       |       |       |     1 ||     1
       Paralysed         |       |       |       |       |     2 ||     2
       Invisible         |       |       |       |       |     1 ||     1
Armor: Robe              |    41 |    63 |    73 |       |       ||   177
       Acid dragon scale |       |       |     6 |   273 |   482 ||   761
Dodge: Dodged            |    47 |    68 |   142 |   342 |   660 ||  1259
Block: Kite shield       |       |       |       |       |   208 ||   208
       Reflection        |       |       |       |       |    12 ||    12
       Rpst.: Scimitar   |       |       |       |       |     5 ||     5
